 Dungeon Crawl Stone Soup version 0.21.1-1-g345015f (webtiles) character file.

64 Monsterracer the Scratcher (level 3, 17/17 HPs)
             Began as a Felid Monk on Feb 10, 2018.
             Quit the game on level 3 of the Dungeon.
             The game lasted 00:02:57 (2613 turns).

Monsterracer the Scratcher (Felid Monk)             Turns: 2613, Time: 00:02:57

Health: 17/17      AC: -1    Str:  7    XL:     3   Next: 91%
Magic:  4/4        EV: 20    Int: 11    God:
Gold:   93         SH:  0    Dex: 19    Spells: 2/2 levels left
                                        Lives:  0   Deaths: 1

rFire    . . .     SeeInvis +     - Unarmed
rCold    . . .     Gourm    .   (shield unavailable)
rNeg     . . .     Faith    .   (armour unavailable)
rPois    .         Spirit   .   (helmet unavailable)
rElec    .         Reflect  .   (cloak unavailable)
rCorr    +         Harm     .   (gloves unavailable)
MR       .....                  (boots unavailable)
Stlth    +++.......             l - amulet of magic regeneration
HPRegen  0.05/turn              a - ring of resist corrosion {!d}
MPRegen  0.34/turn              k - -2 ring of protection (curse)

@: quick
A: very small, no armour, no weapons or thrown items, stealth, claws 1, fangs 3,
see invisible, carnivore, speed 1, shaggy fur 1, slow metabolism 1, sharp paws
a: no special abilities


You were on level 3 of the Dungeon.
You were not hungry.

You visited 1 branch of the dungeon, and saw 3 of its levels.

You collected 93 gold pieces.

Inventory:

Jewellery
 a - a ring of resist corrosion (left paw) {!d}
 k - a cursed -2 ring of protection (right paw)
 l - an amulet of magic regeneration (around neck)
Wands
 j - a wand of iceblast (7)
Scrolls
 b - 2 scrolls of identify
 g - a scroll of teleportation {unknown}
 h - a scroll of fog {unknown}
Potions
 d - a potion of berserk rage {!q}
 e - a potion of flight
 f - a potion of haste
 i - 2 potions of curing
Comestibles
 c - 5 rations


   Skills:
 - Level 3.0 Fighting
 - Level 4.0 Dodging
 - Level 2.6 Stealth
 + Level 5.7 Unarmed Combat


You had 2 spell levels left.
You didn't know any spells.

Dungeon Overview and Level Annotations

Branches:
Dungeon (3/15)

Altars:


Innate Abilities, Weirdness & Mutations

You cannot wear armour.
You are incapable of wielding weapons or throwing items.
Your paws allow you to move quietly. (Stealth)
You have sharp claws.
You have razor-sharp teeth.
You have supernaturally acute eyesight. (SInv)
You are carnivorous and can eat meat at any time.
You cover ground quickly.
You are covered in fur. (AC +1)
You have a slow metabolism.
Your sharp claws are effective at attacking unaware monsters.


Message History

a club; a leather armour The orc priest shouts!
The orc priest is too close now for your liking.
An orc priest is nearby!
Things that are here:
a club; a leather armour A bat comes into view.
The bat closely misses you. The bat closely misses you. The bat misses you. x2
You closely miss the bat. Your bite misses the bat. The bat hits you.
You take 1 damage, and have 20/21 hp.
You claw the bat!
You kill the bat!
No target in view!
No target in view!
The orc priest hits you but does no damage.
You scratch the orc priest but do no damage.
You scratch the orc priest.
The orc priest is moderately wounded.
The orc priest hits you but does no damage.
Health restored: 21 You claw the orc priest!
You bite the orc priest, but do no damage.
The orc priest is almost dead.
The orc priest miscasts a cantrip.
You scratch the orc priest.
You kill the orc priest!
You now have 93 gold pieces (gained 4).
Things that are here:
a hand axe; a scale mail; an orc corpse An adder comes into view.
An adder is nearby!
The adder hisses angrily.
The adder barely misses you.
You scratch the adder. You bite the adder.
The adder is heavily wounded.
The adder misses you.
You scratch the adder.
The adder is heavily wounded.
The adder bites you. x2
You take 7 damage, and have 14/21 hp.
MASSIVE DAMAGE!!
You are too injured to fight recklessly!
You are too injured to fight recklessly!
You are too injured to fight recklessly!
You are too injured to fight recklessly!
You closely miss the adder. Your bite misses the adder.
The adder is heavily wounded.
The adder completely misses you.
You scratch the adder but do no damage.
The adder is heavily wounded.
The adder misses you.
You miss the adder.
The adder is heavily wounded.
The adder bites you.
You take 2 damage, and have 12/21 hp.
You barely miss the adder.
The adder is heavily wounded.
The adder closely misses you.
You miss the adder.
The adder is heavily wounded.
The adder barely misses you.
You scratch the adder but do no damage.
The adder is heavily wounded.
The adder closely misses you.
You miss the adder.
The adder is heavily wounded.
The adder barely misses you.
You barely miss the adder. Your bite misses the adder.
The adder is heavily wounded.
The adder bites you. The adder misses you.
You take 1 damage, and have 11/21 hp.
You scratch the adder.
The adder is severely wounded.
The adder completely misses you.
You scratch the adder but do no damage.
The adder is severely wounded.
The adder barely misses you.
You scratch the adder. Your claw misses the adder.
The adder is severely wounded.
The adder bites you.
* * * LOW HITPOINT WARNING * * *
You take 3 damage, and have 8/21 hp.
You barely miss the adder.
The adder is severely wounded.
The adder bites you.
* * * LOW HITPOINT WARNING * * *
You are lethally poisoned!
The adder poisons you!
You take 5 damage, and have 3/21 hp.
MASSIVE DAMAGE!!
You scratch the adder.
The adder is almost dead.
* * * LOW HITPOINT WARNING * * *
You feel sick. The adder bites you.
You die...
You are now level 3!
You rejoin the land of the living...
Health restored: 17 You now have 4/4 mp.
Are you sure you want to abandon this character and quit the game? (Confirm with "yes".)

## ### ..
..# #. #.#
#.#.##
#.@.#
#.#........
#.
..##.....
#. ####
...# # .##
# ##+# #
##...## #


There were no monsters in sight!

Vanquished Creatures
  An orc priest (D:3)
  4 adders
  3 dart slugs
  3 leopard geckos (D:1)
  2 orcs (D:3)
  2 giant cockroaches (D:2)
  9 hobgoblins
  8 bats
  7 frilled lizards
  7 goblins
  6 kobolds
  4 rats
56 creatures vanquished.

Notes
Turn   | Place    | Note
-------+----------+-------------------------------------------
     0 | D:1      | Monsterracer the Felid Monk began the quest for the Orb.
     0 | D:1      | Reached XP level 1. HP: 10/10 MP: 2/2
     6 | D:1      | Noticed a black mamba
     6 | D:1      | Noticed a lindwurm
     6 | D:1      | Noticed a black bear
     6 | D:1      | Noticed a five-headed hydra
   181 | D:1      | Reached XP level 2. HP: 14/14 MP: 3/3
   305 | D:1      | HP: 5/14 [leopard gecko (5)]
   776 | D:1      | Reached skill level 4 in Unarmed Combat
   919 | D:1      | HP: 7/14 [hobgoblin/club (3)]
  1142 | D:2      | Reached XP level 3. HP: 17/17 MP: 4/4
  1587 | D:2      | Reached skill level 5 in Unarmed Combat
  1587 | D:2      | Reached XP level 4. HP: 21/21 MP: 5/5
  2610 | D:3      | HP: 8/21 [adder (3)]
  2611 | D:3      | HP: 3/21 [adder (5)]
  2612 | D:3      | Slain by an adder
  2613 | D:3      | Reached XP level 3. HP: -1/17 MP: 4/4
  2613 | D:3      | Quit the game

Skill      XL: |  1  2  3 |
---------------+----------+-----
Unarmed Combat | 4 5 |  5.7
Fighting       | |  3.0
Dodging        | |  4.0
Stealth        | |  2.6

Action                   |  1- 3 |  4- 6 || total
-------------------------+-------+-------++-------
Melee: Unarmed           |    72 |    57 ||   129
       Bite              |     8 |     6 ||    14
       Punch             |     1 |     1 ||     2
  Use: Scroll            |       |     5 ||     5
 Stab: Sleeping          |    12 |     5 ||    17
       Distracted        |     1 |       ||     1
  Eat: Chunk             |     8 |     2 ||    10
Armor: Skin              |     2 |       ||     2
Dodge: Dodged            |    41 |    36 ||    77

Vault maps used:
D:1:      onia_arrival_zoo_common
D:2:      minmay_misc_feat_room
